 Dungeon Crawl Stone Soup version 0.26-a0-966-gd078a86f14 (webtiles) character file.

Game seed: 9748007766102016629

39194 marklar909 the Grappler (level 13, -11/124 HPs)
             Began as a Troll Monk on Nov 30, 2020.
             Was a High Priest of Ru.
             Mangled by an entropy weaver (15 damage)
             ... on level 4 of the Lair of Beasts on Dec 3, 2020.
             The game lasted 00:32:38 (14593 turns).

marklar909 the Grappler (Troll Monk)               Turns: 14593, Time: 00:32:39

Health: -11/124    AC:  1    Str: 22    XL:     13   Next: 67%
Magic:  12/12      EV:  3    Int:  6    God:    Ru [*****.]
Gold:   758        SH: 11    Dex: 14    Spells: 12/12 levels left

rFire    + . .     SeeInvis .     - Unarmed
rCold    + . .     Faith    .   A - +2 kite shield
rNeg     + + .     Spirit   .   Y - +9 scales of the Dragon King {rPois rF+ rC+ MR+}
rPois    +         Reflect  .   (helmet restricted)
rElec    .         Harm     .   F - +1 cloak
rCorr    .         Rampage  .   (gloves unavailable)
MR       +....                  (boots unavailable)
Stlth    ..........             B - amulet of regeneration
HPRegen  1.10/turn              c - ring of positive energy
MPRegen  0.13/turn              C - ring of positive energy

@: exhausted, corroded, no scrolls, lightly drained
A: large, unfitting armour, claws 3, clumsy 1, regeneration 1, shaggy fur 1,
tough skin 3, inability to read while threatened, hated by all, no conjurations
magic, no earth magic, no transmutations magic, unskilled 1
a: Draw Out Power, Power Leap, Apocalypse, Renounce Religion


You were on level 4 of the Lair of Beasts.
You worshipped Ru.
Ru was extremely pleased with you.
You visited 3 branches of the dungeon, and saw 17 of its levels.
You also visited: Sewer.

You collected 1141 gold pieces.
You spent 383 gold pieces at shops.

Inventory:

Missiles
 p - 7 curare-tipped darts
 E - 10 javelins
 G - 16 boomerangs (quivered)
 U - 11 large rocks
Armour
 A - a +2 kite shield (worn)
 F - a +1 cloak (worn)
 Y - the +9 scales of the Dragon King (worn) {rPois rF+ rC+ MR+}
   (You found it on level 3 of the Lair of Beasts)

   It protects you from fire.
   It protects you from cold.
   It protects you from poison.
   It affects your resistance to hostile enchantments.
Jewellery
 c - a ring of positive energy (left claw)
 B - an amulet of regeneration (around neck)
 C - a ring of positive energy (right claw)
 H - an uncursed amulet of guardian spirit {unknown}
 I - an uncursed ring of protection from cold {unknown}
 J - a cursed ring of attention {unknown}
 N - a cursed ring of attention {unknown}
 O - an uncursed ring of protection from fire {unknown}
 P - an uncursed ring of flight {unknown}
 Q - an uncursed ring of ice {unknown}
 T - a +4 ring of evasion {unknown}
 X - the amulet of the Shouting Messenger {Reflect rN+ SH+5, unknown}
   (You found it on level 2 of the Lair of Beasts)

   [amulet of reflection]

   It shields you and reflects attacks.
   It protects you from negative energy.
   It affects your SH (+5).
Wands
 v - a wand of digging (6)
 y - a wand of iceblast (5)
 K - a wand of paralysis (13)
 L - a wand of polymorph (5)
 R - a wand of acid (11)
Scrolls
 a - a scroll of immolation
 d - 3 scrolls of fog
 e - 8 scrolls of remove curse
 i - 3 scrolls of fear
 k - 2 scrolls of magic mapping
 n - 10 scrolls of teleportation
 o - 11 scrolls of identify
 q - 6 scrolls of blinking
 r - a scroll of enchant armour
 w - 4 scrolls of enchant weapon
 x - 3 scrolls of amnesia
 M - a scroll of silence {unknown}
 S - 2 scrolls of torment {unknown}
Potions
 b - 5 potions of attraction
 f - 2 potions of berserk rage
 g - a potion of resistance {unknown}
 h - 2 potions of haste
 j - 8 potions of flight
 l - a potion of cancellation {unknown}
 m - 2 potions of magic {unknown}
 s - 6 potions of might
 t - 13 potions of curing
 u - 3 potions of heal wounds
 z - 4 potions of degeneration {unknown}
 D - 3 potions of lignification {unknown}
 V - a potion of ambrosia {unknown}
 W - a potion of brilliance {unknown}


   Skills:
 * Level 7.4(7.0) Fighting
 + Level 7.0(6.6) Throwing
 * Level 5.0(4.7) Armour
 + Level 9.1(8.7) Dodging
 - Level 0.9(0.6) Stealth
 * Level 4.3(4.0) Shields
 + Level 13.5(13.0) Unarmed Combat


You had 12 spell levels left.
You didn't know any spells.
Your spell library contained the following spells:

 Spells                   Type           Power        Failure   Level
 Apportation              Tloc           #.....       100%        1
 Corona                   Hex            #......      100%        1
 Swiftness                Air            #.......     100%        2
 Inner Flame              Hex/Fire       #.......     100%        3
 Airstrike                Air            #.........   100%        4
 Animate Skeleton         Necr           Unusable     N/A         1
 Foxfire                  Conj/Fire      Unusable     N/A         1
 Sandblast                Erth           Unusable     N/A         1
 Shock                    Conj/Air       Unusable     N/A         1
 Summon Small Mammal      Summ           Unusable     N/A         1
 Passwall                 Tmut/Erth      Unusable     N/A         2
 Conjure Flame            Conj/Fire      Unusable     N/A         3
 Static Discharge         Conj/Air       Unusable     N/A         3
 Stone Arrow              Conj/Erth      Unusable     N/A         3
 Petrify                  Tmut/Erth      Unusable     N/A         4
 Sticky Flame             Conj/Fire      Unusable     N/A         4
 Fireball                 Conj/Fire      Unusable     N/A         5
 Irradiate                Conj/Tmut      Unusable     N/A         5
 Lee's Rapid Deconstruct  Erth           Unusable     N/A         5
 Lightning Bolt           Conj/Air       Unusable     N/A         5
 Hydra Form               Tmut           Unusable     N/A         6
 Statue Form              Tmut/Erth      Unusable     N/A         6
 Dragon Form              Tmut           Unusable     N/A         7

Dungeon Overview and Level Annotations

Branches:
Dungeon (12/15)            Temple (1/1) D:5            Lair (4/6) D:9
  Swamp (0/4) Lair:2       Spider (0/4) Lair:2          Orc (0/2) D:9
  Sewer (visited)

Altars:
Ashenzari
Cheibriados
Dithmenos
Elyvilon
Fedhas
Gozag
Hepliaklqana
Kikubaaqudgha
Makhleb
Nemelex Xobeh
Okawaru
Qazlal
Ru
Sif Muna
Trog
Uskayaw
Vehumet
Wu Jian
Xom
Yredelemnul
Zin
The Shining One

Shops:
D:7 *   D:10 (   D:12 ?

Annotations:
D:5 5 runed translucent doors
D:6 2 transporters
D:8 3 runed translucent doors, Cheivey's ghost, novice DsBe
D:10 3 runed translucent doors, civil's ghost, novice MiDe
D:11 3 runed translucent doors, jiml777's ghost, journeyman DEAE
D:12 3 runed translucent doors, ThatOtherGuy53's ghost, journeyman HOMo
Lair:3 3 runed translucent doors, Rennog's ghost, journeyman DsFi


Innate Abilities, Weirdness & Mutations

You are too large for most types of armour.
You have claws for hands.
You are clumsy. (Dex -2)
Your natural rate of healing is unusually fast.
You are covered in fur. (AC +1)
You have extremely tough skin. (AC +3)
You cannot read scrolls while threatened.
You are hated by all.
You cannot study or cast Conjurations magic.
You cannot study or cast Earth magic.
You cannot study or cast Transmutations magic.
You are somewhat unskilled. (-1 Apt)


Message History

You block the entropy weaver's attack. The entropy weaver hits you.
* * * LOW HITPOINT WARNING * * *
Unknown command.
You scratch the entropy weaver but do no damage.
The entropy weaver is moderately wounded.
The entropy weaver is stunned by your will and fails to attack.
Unknown command.
You scratch the entropy weaver but do no damage.
The entropy weaver is moderately wounded.
The entropy weaver stops glowing.
You block the entropy weaver's attack. The entropy weaver hits you!
* * * LOW HITPOINT WARNING * * *
You block the entropy weaver's attack. The entropy weaver hits you.
* * * LOW HITPOINT WARNING * * *
You barely miss the entropy weaver.
The entropy weaver is moderately wounded.
The entropy weaver hits you!
* * * LOW HITPOINT WARNING * * *
The entropy weaver hits you!
You die...

#....# ##.....|.###....# ###
.....# ##.....#.###....##
##....P##.........###...# #
................)...###.# ### #
#.[...##.#...........##.###.#####
.....#...####.†##...###..P#.#P#..
..........†.....?..............<.
........#..††.#B#.....#......####
.....[####'†'#..@....##.......###
.......# #.†.##................##
......# #..#..####..####......^..
.P...##.††###†† #### #.......##
.†...#)..† †.. #.###.....
[...###... .†B# ##..####...
...###..# .#.. #..###.#.#. .###
..# ###.. ##..##....>. ..#
##...##......


You could see an entropy weaver.

Vanquished Creatures
  An entropy weaver (Lair:4)
  2 boulder beetles
  A catoblepas (Lair:3)
  6 two-headed ogres
  2 centaur warriors
  Erica (D:10)
  A queen ant (Lair:3)
  3 unseen horrors
  Pikel (D:6)
  2 ugly things
  3 cyclopes
  Joseph (D:7)
  3 black mambas
  8 cane toads
  2 gargoyles
  6 komodo dragons
  Maggie (D:7)
  3 rime drakes
  2 trolls
  2 hornets
  3 polar bears
  12 blink frogs
  Sigmund (D:6)
  A redback (Lair:2)
  A wyvern (Lair:4)
  29 yaks
  Eustachio (D:6)
  2 basilisks
  6 vampire mosquitoes (Lair:2)
  A steam dragon (D:9)
  3 water moccasins
  14 soldier ants (Lair:4)
  3 orc warriors (D:9)
  2 black bears
  2 sky beasts (D:5)
  2 ice beasts
  2 phantoms
  A necrophage (D:8)
  9 ogres
  11 centaurs
  9 wolves (Lair:3)
  10 big kobolds
  24 bullfrogs
  6 gnoll sergeants
  A wyvern skeleton (D:9)
  4 scorpions
  3 wights (D:6)
  4 killer bees (D:10)
  4 electric eels
  2 howler monkeys
  4 bullfrog zombies
  2 quasits
  4 centaur zombies
  9 hounds
  2 bullfrog skeletons
  5 orc priests
  Crazy Yiuf (D:7)
  A centaur skeleton (D:6)
  2 jellies
  6 iguanas
  10 orc wizards
  25 worker ants
  A howler monkey zombie (D:9)
  9 gnolls
  9 adders
  A shadow imp (D:6)
  4 white imps
  3 ufetubi
  An ooze (Sewer)
  2 adder skeletons
  6 worms
  3 dart slugs
  11 leopard geckos
  40 orcs
  18 bats
  4 giant cockroaches
  8 hobgoblins
  11 jackals
  7 quokkas
  5 ball pythons
  5 frilled lizards
  11 goblins
  35 kobolds
  2 leopard gecko skeletons
  8 rats
499 creatures vanquished.

Vanquished Creatures (others)
  A troll (D:9)
  An orc warrior (D:9)
  A quasit (D:9)
  An adder (D:12)
  15 fungi
  51 plants
  A withered plant (D:6)
71 creatures vanquished.

Grand Total: 570 creatures vanquished

Notes
Turn   | Place    | Note
-------+----------+-------------------------------------------
     0 | D:1      | marklar909 the Troll Monk began the quest for the Orb.
     0 | D:1      | Reached XP level 1. HP: 22/22 MP: 0/0
    69 | D:1      | Reached XP level 2. HP: 29/29 MP: 1/1
   310 | D:1      | Reached XP level 3. HP: 36/36 MP: 2/2
   665 | D:2      | Reached XP level 4. HP: 41/44 MP: 3/3
   685 | D:2      | Found a blossoming altar of Fedhas.
   685 | D:2      | Found a radiant altar of Vehumet.
   685 | D:2      | Found an opulent altar of Gozag.
  1036 | D:3      | Reached skill level 4 in Unarmed Combat
  1546 | D:3      | Reached XP level 5. HP: 42/53 MP: 4/4
  1603 | D:4      | Noticed an ogre
  1609 | D:4      | Killed an ogre
  1610 | D:4      | Reached skill level 1 in Throwing
  1641 | D:4      | Found a glowing drain.
  1652 | Sewer    | Entered a sewer
  1705 | Sewer    | Reached XP level 6. HP: 61/61 MP: 5/5
  1953 | Sewer    | Reached skill level 5 in Unarmed Combat
  1963 | Sewer    | Reached XP level 7. HP: 47/67 MP: 6/6
  2353 | D:4      | Found a glowing golden altar of the Shining One.
  2354 | D:4      | Found a stormy altar of Qazlal.
  2583 | D:4      | Reached skill level 5 in Dodging
  2908 | D:5      | Entered Level 5 of the Dungeon
  2961 | D:5      | Reached XP level 8. HP: 75/78 MP: 7/7
  3078 | D:5      | Found a runed translucent gate.
  3080 | D:5      | Found the +9 staff of Olgreb {rPois∞}
  3084 | D:5      | Found a runed translucent door.
  3164 | D:5      | Found a runed translucent gate.
  3171 | D:5      | Found a runed translucent gate.
  3179 | D:5      | Reached skill level 6 in Unarmed Combat
  3203 | D:5      | Found a staircase to the Ecumenical Temple.
  3648 | D:5      | Found a runed translucent door.
  3765 | Temple   | Entered the Ecumenical Temple
  3895 | Temple   | Became a worshipper of Ru the Awakened
  3896 | Temple   | Gained mutation: You are hated by all. [Ru sacrifice]
  3896 | Temple   | Reached * piety under Ru
  4520 | D:6      | Noticed Sigmund
  4535 | D:6      | Killed Sigmund
  4536 | D:6      | Reached skill level 7 in Unarmed Combat
  4625 | D:6      | Found a basalt altar of Yredelemnul.
  4633 | D:6      | Noticed Pikel
  4635 | D:6      | Noticed Eustachio
  4650 | D:6      | Killed Pikel
  4651 | D:6      | Reached XP level 9. HP: 45/85 MP: 8/8
  4716 | D:6      | Killed Eustachio
  4801 | D:6      | Found a transporter.
  4807 | D:6      | Noticed a kobold demonologist
  4817 | D:6      | Found a transporter.
  4838 | D:6      | Reached skill level 8 in Unarmed Combat
  5048 | D:7      | Noticed a gargoyle
  5049 | D:7      | Found Kewuerrarph's General Store.
  5064 | D:6      | Killed a gargoyle
  5336 | D:6      | Reached skill level 5 in Fighting
  5424 | D:7      | Found a hazy altar of Hepliaklqana.
  5467 | D:7      | Noticed Joseph
  5484 | D:7      | Killed Joseph
  5485 | D:7      | Reached skill level 5 in Throwing
  5635 | D:7      | Noticed Maggie
  5698 | D:7      | Bought a potion of curing for 42 gold pieces
  5698 | D:7      | Bought a scroll of blinking for 105 gold pieces
  5698 | D:7      | Bought a potion of might for 56 gold pieces
  5725 | D:7      | Noticed a komodo dragon
  5732 | D:7      | Killed a komodo dragon
  5733 | D:7      | Reached skill level 9 in Unarmed Combat
  5819 | D:6      | Reached XP level 10. HP: 96/96 MP: 9/9
  5832 | D:7      | Upgraded the game from 0.26-a0-958-gf3041fb45f to
                  | 0.26-a0-964-g69f9a3b9e2
  5870 | D:7      | Killed Maggie
  6057 | D:7      | Found a runed translucent door.
  6058 | D:7      | Noticed Crazy Yiuf
  6068 | D:7      | Killed Crazy Yiuf
  6204 | D:8      | Found a runed translucent gate.
  6244 | D:8      | Found a runed translucent gate.
  6244 | D:8      | Found a runed translucent gate.
  6245 | D:8      | Found an opulent altar of Gozag.
  6246 | D:8      | Noticed Cheivey's ghost (novice DsBe)
  6270 | D:8      | Paralysed by a hornet for 1 turns
  6421 | D:8      | Gained mutation: You are somewhat unskilled. (-1 Apt) [Ru
                  | sacrifice]
  6421 | D:8      | Reduced skill Unarmed Combat to level 8
  6421 | D:8      | Reached ** piety under Ru
  6421 | D:8      | Reached *** piety under Ru
  6689 | D:8      | Found a burning altar of Makhleb.
  6876 | D:9      | Reached skill level 9 in Unarmed Combat
  6879 | D:9      | Paralysed by a hornet for 2 turns
  6881 | D:9      | Noticed a two-headed ogre
  6892 | D:9      | Reached skill level 5 in Throwing
  6961 | D:9      | Killed a two-headed ogre
  7049 | D:9      | Noticed a two-headed ogre
  7059 | D:9      | Killed a two-headed ogre
  7145 | D:9      | Noticed a two-headed ogre
  7155 | D:9      | Killed a two-headed ogre
  7208 | D:9      | Noticed a boulder beetle
  7209 | D:9      | Noticed a centaur warrior
  7214 | D:9      | Reached skill level 10 in Unarmed Combat
  7223 | D:9      | Killed a centaur warrior
  7224 | D:9      | Reached XP level 11. HP: 41/104 MP: 10/10
  7232 | D:9      | Noticed an unseen horror
  7234 | D:9      | Killed an unseen horror
  7247 | D:9      | Killed a boulder beetle
  7394 | D:9      | Found a glowing silver altar of Zin.
  7404 | D:9      | Found a staircase to the Lair.
  7422 | D:9      | Found a sacrificial altar of Ru.
  7528 | D:9      | Found an ancient bone altar of Kikubaaqudgha.
  7572 | D:9      | Found a staircase to the Orcish Mines.
  7888 | D:9      | Found an ornate altar of the Wu Jian Council.
  8059 | D:10     | Entered Level 10 of the Dungeon
  8100 | D:10     | Gained mutation: You cannot study or cast Earth magic. [Ru
                  | sacrifice]
  8100 | D:10     | Gained mutation: You cannot study or cast Transmutations
                  | magic. [Ru sacrifice]
  8100 | D:10     | Gained mutation: You cannot study or cast Conjurations
                  | magic. [Ru sacrifice]
  8100 | D:10     | Reached **** piety under Ru
  8150 | D:10     | Reached skill level 1 in Armour
  8216 | D:10     | Found Boesiab's Weapon Boutique.
  8237 | D:10     | Found a runed translucent gate.
  8239 | D:10     | Found a runed translucent gate.
  8240 | D:10     | Found a runed translucent gate.
  8242 | D:10     | Noticed civil's ghost (novice MiDe)
  8309 | D:10     | Noticed a two-headed ogre
  8315 | D:10     | Killed a two-headed ogre
  8316 | D:10     | Reached skill level 11 in Unarmed Combat
  8440 | D:10     | Noticed Erica
  8462 | D:10     | Killed Erica
  8843 | D:11     | Noticed a two-headed ogre
  8847 | D:11     | Killed a two-headed ogre
  8932 | D:11     | Noticed a centaur warrior
  8944 | D:11     | Killed a centaur warrior
  9201 | D:11     | Killed an unseen horror
  9202 | D:11     | Reached XP level 12. HP: 90/114 MP: 11/11
  9295 | D:11     | Found a runed translucent gate.
  9297 | D:11     | Found a runed translucent gate.
  9297 | D:11     | Found a runed translucent gate.
  9300 | D:11     | Noticed jiml777's ghost (journeyman DEAE)
  9662 | D:12     | Found a runed translucent gate.
  9662 | D:12     | Found a runed translucent gate.
  9662 | D:12     | Found a runed translucent gate.
  9663 | D:12     | Identified the cursed +1 dagger of Fippus Vumu {drain,
                  | rPois rF+ rC- rN+}
  9663 | D:12     | Identified the +8 short sword "Soqeode" {pain, +Rage}
  9663 | D:12     | Noticed ThatOtherGuy53's ghost (journeyman HOMo)
  9736 | D:12     | Upgraded the game from 0.26-a0-964-g69f9a3b9e2 to
                  | 0.26-a0-966-gd078a86f14
  9793 | D:12     | Noticed a two-headed ogre
  9803 | D:12     | Killed a two-headed ogre
  9974 | D:12     | Reached skill level 12 in Unarmed Combat
 10025 | D:12     | Gained mutation: You cannot read scrolls while threatened.
                  | [Ru sacrifice]
 10025 | D:12     | Reached ***** piety under Ru
 10033 | D:12     | Found Herom's Magic Scroll Boutique.
 10043 | D:12     | Bought a scroll of immolation for 38 gold pieces
 10043 | D:12     | Bought a scroll of fog for 22 gold pieces
 10043 | D:12     | Bought a scroll of amnesia for 38 gold pieces
 10043 | D:12     | Bought a scroll of enchant armour for 82 gold pieces
 10348 | Lair:1   | Entered Level 1 of the Lair of Beasts
 11680 | Lair:2   | Found a hole to the Spider Nest.
 11788 | Lair:2   | Reached skill level 1 in Shields
 11818 | Lair:2   | Got a fine ivory amulet
 11831 | Lair:2   | Found a staircase to the Swamp.
 12410 | Lair:3   | Found the +9 scales of the Dragon King {rPois rF+ rC+ MR+}
 12515 | Lair:3   | Noticed a catoblepas
 12542 | Lair:3   | Killed a catoblepas
 12721 | Lair:3   | Reached XP level 13. HP: 123/123 MP: 6/12
 12856 | Lair:3   | Noticed Rennog's ghost (journeyman DsFi)
 12866 | Lair:3   | Found a runed translucent gate.
 12866 | Lair:3   | Found a runed translucent gate.
 12866 | Lair:3   | Found a runed translucent gate.
 13692 | Lair:4   | Reached skill level 13 in Unarmed Combat
 13961 | Lair:4   | Gained mutation: You are clumsy. (Dex -2) [Ru sacrifice]
 14429 | Lair:4   | Noticed an entropy weaver
 14431 | Lair:4   | Noticed an entropy weaver
 14558 | Lair:4   | Killed an entropy weaver
 14559 | Lair:4   | Reached skill level 5 in Armour
 14577 | Lair:4   | HP: 2/124 [entropy weaver (8)]
 14593 | Lair:4   | HP: 4/124 [entropy weaver (13)]
 14593 | Lair:4   | Mangled by an entropy weaver

Illustrated notes

Levels and vault maps discovered:
D:1:      dpeg_arrival_more_subterranean_lakeside_camping, layout_rooms,
          hangedman_abyss_or_decor_stabs
D:2:      layout_basic, chequers_temple_overflow_statue_of_worship,
          serial_glass, glass_columns_a, glass_columns_a, item_on_display_a,
          feat_on_display, hex_intersection, kennysheep_generic_room_10
D:3:      layout_rooms
D:4:      layout_loops_ring, gammafunk_temple_overflow_pools,
          cheibrodos_sewer_entry_drain
D:5:      layout_basic, minmay_temple_entry_nine_rooms,
          minmay_guarded_unrand_staff_of_olgreb
D:6:      gammafunk_wand_slinger, layout_basic, yredelemnul_altar_generic,
          uniq_eustachio, uniq_sigmund, uniq_pikel
D:7:      layout_rooms, lemuel_doored_altar, serial_shops, shop_statue,
          uniq_joseph, uniq_maggie, uniq_crazy_yiuf_cottage
D:8:      layout_loops_cross, kennysheep_mini, ebering_ghost_gozag,
          minmay_misc_feat_x
D:9:      minmay_the_grid_octo_2x2 [minmay_the_grid_octo_tetromino_candy,
          minmay_the_grid_octo_thin_diamonds, minmay_the_grid_octo_focus,
          minmay_the_grid_octo_prize_square_snowflake], layout_loops_ring,
          kennysheep_little_box, overflow_temple_1_default, old_standard_altar,
          kennysheep_orc_monster_closet_entryway,
          nicolae_ru_great_annihilating_truth
D:10:     layout_loops_ring, serial_shops, shop, gammafunk_ghost_spectres,
          minmay_misc_feat_cross, minivault_22, uniq_erica
D:11:     layout_loops_cross, ebering_ghost_rock_garden, minmay_microvault
D:12:     layout_rooms, serial_shops, nicolae_shop_stone,
          gammafunk_ghost_nasty_kobolds
Temple:   jpeg_temple_clearing
Lair:1:   layout_cave_pods, gauntlet_entry_generic, roderic_batcave
Lair:2:   layout_cave_pods, minmay_swamp_entry_swarm, spider_nest_entry_a
Lair:3:   layout_cave_pods, gammafunk_ghost_split,
          eino_small_chamber_without_monster, serial_bayou_shore_a,
          infiniplex_staircase_pool
Lair:4:   layout_misc_corridors, serial_bayou_ford_a, zaba_antful_of_joy,
          lemuel_fruit_fields

Skill      XL: |  1  2  3  4  5  6  7  8  9 10 11 12 13 |
---------------+----------------------------------------+-----
Dodging        | 3 4 5 6 7 8 9 |  9.1
Unarmed Combat | 4 5 7 9 10 11 12 13 | 13.5
Fighting       | 3 4 5 6 7 |  7.4
Throwing       | 1 2 3 4 5 5 6 7 |  7.0
Stealth        | 0 |  0.9
Armour         | 2 3 5 |  5.0
Shields        | 2 4 |  4.3

Action                   |  1- 3 |  4- 6 |  7- 9 | 10-12 | 13-15 || total
-------------------------+-------+-------+-------+-------+-------++-------
Melee: Unarmed           |   106 |   139 |   406 |   714 |   290 ||  1655
       Punch             |       |     3 |    10 |    38 |       ||    51
Throw: Javelin           |       |    26 |     5 |       |       ||    31
       Dart              |       |     2 |     1 |     6 |       ||     9
       Boomerang         |       |       |       |    25 |       ||    25
Invok: Sacrifice Love    |       |       |     1 |       |       ||     1
       Draw Out Power    |       |       |       |     3 |     1 ||     4
       Sacrifice Skill   |       |       |       |     1 |       ||     1
       Power Leap        |       |       |       |    11 |     6 ||    17
       Sacrifice Arcana  |       |       |       |     1 |       ||     1
       Apocalypse        |       |       |       |     1 |     2 ||     3
       Sacrifice Words   |       |       |       |     1 |       ||     1
       Sacrifice Purity  |       |       |       |       |     1 ||     1
  Use: Scroll            |       |     1 |     7 |     6 |       ||    14
       Potion            |       |       |       |     3 |     2 ||     5
 Stab: Sleeping          |       |     1 |     4 |     4 |       ||     9
       Distracted        |       |       |     2 |     2 |     5 ||     9
       Invisible         |       |       |       |     4 |       ||     4
       Paralysed         |       |       |       |     3 |     5 ||     8
Armor: Robe              |    35 |    65 |    99 |    44 |       ||   243
       Steam dragon scal |       |       |       |   112 |       ||   112
       Gold dragon scale |       |       |       |    39 |   171 ||   210
Dodge: Dodged            |    58 |   106 |   268 |   376 |    26 ||   834
Block: Kite shield       |       |       |       |    91 |   139 ||   230

Table legend: (Time is in decaauts)
 A = Elapsed time spent in this place.
 B = Non-inter-level travel time spent in this place.
 C = Inter-level travel time spent in this place.
 D = Time resting spent in this place.
 E = Time spent auto-exploring this place.
 F = Levels seen in this place.
 G = Mean time per level.
                   A        B        C        D        E       F      G
               +--------+--------+--------+--------+--------+-----+--------+
         Total |  14424 |  13755 |    669 |    924 |   9741 |  18 |  801.3 |
       Dungeon |   9754 |   9237 |    517 |    680 |   6383 |  12 |  812.8 |
        Temple |    142 |    113 |     29 |      0 |    111 |   1 |  142.0 |
          Lair |   4131 |   4009 |    122 |    244 |   2989 |   4 | 1032.8 |
         Sewer |    395 |    395 |      0 |      0 |    257 |   1 |  395.0 |
               +--------+--------+--------+--------+--------+-----+--------+

Top non-repeatable levels by time:
     D:6: 1517 daAuts
  Lair:3: 1332 daAuts
     D:9: 1243 daAuts
  Lair:1: 1022 daAuts
  Lair:2: 954 daAuts
     D:4: 953 daAuts
     D:5: 871 daAuts
  Lair:4: 821 daAuts
    D:11: 809 daAuts
    D:10: 717 daAuts
     D:7: 691 daAuts
     D:8: 691 daAuts
    D:12: 691 daAuts
     D:2: 621 daAuts
     D:3: 512 daAuts
